 Dungeon Crawl Stone Soup version 0.17.2-1-ge4368a0 (webtiles) character file.

1502 tidbits the Insei (level 8, -1/66 HPs)
             Began as a Demigod Transmuter on Sept 22, 2017.
             Succumbed to poison (a potion of poison)
             ... on level 5 of the Dungeon.
             The game lasted 00:23:58 (3075 turns).

tidbits the Insei (Demigod Transmuter)              Turns: 3075, Time: 00:23:58

Health: -1/66      AC:  2    Str: 13    XL:     8   Next: 27%
Magic:  19/23      EV: 23    Int: 21    God:
Gold:   282        SH:  0    Dex: 21    Spells: 3 memorised, 5 levels left

rFire  . . .     SeeInvis .       - Unarmed
rCold  . . .     Clarity  .     (armour currently unavailable)
rNeg   . . .     SustAt   +     (shield currently unavailable)
rPois  x         Gourm    .     (helmet currently unavailable)
rElec  .         Spirit   .     (cloak currently unavailable)
rCorr  .         Warding  .     (gloves currently unavailable)
rMut   .         Stasis   .     (boots currently unavailable)
MR     .....                    (no amulet)
Stlth  ++........               (no ring)
                                N - ring of magical power

@: lethally poisoned (-1 -> -35), spider-form, not resistant to hostile
enchantments, unstealthy
A: high mp 1, sustain attributes
a: End Transformation


You were on level 5 of the Dungeon.
You were not hungry.
You were a venomous arachnid creature.
You visited 1 branch of the dungeon, and saw 8 of its levels.

You collected 282 gold pieces.

Inventory:

Hand Weapons
 a - a +0 scythe (melded)
   (You took it off Sigmund on level 2 of the Dungeon)
 b - a +2 dagger of venom
   (You took it off Jessica on level 3 of the Dungeon)
 i - a +1 vampiric whip
   (You took it off a kobold on level 2 of the Dungeon)
 t - the +6 war axe of Doom {chop, rPois Int-3 Dex+2}
   (You found it on level 4 of the Dungeon)

   It inflicts extra damage upon your enemies.
   It affects your intelligence (-3).
   It affects your dexterity (+2).
   It protects you from poison.
 z - a +1 rapier of speed
   (You found it on level 3 of the Dungeon)
 C - a +0 hunting sling
   (You took it off a goblin on level 3 of the Dungeon)
 R - a +0 shortbow
   (You took it off a centaur on level 7 of the Dungeon)
 W - a +1 shortbow of freezing
   (You took it off a centaur on level 5 of the Dungeon)
Missiles
 l - 5 javelins
 u - 123 arrows
 v - 2 throwing nets (quivered) {!f}
 I - 6 curare-tipped needles
 S - 21 sling bullets
 U - 4 tomahawks
Armour
 B - a +1 robe (melded)
   (You took it off Sigmund on level 2 of the Dungeon)
 E - a +0 helmet (melded)
   (You took it off Robin on level 3 of the Dungeon)
 F - a +1 pair of boots (melded)
   (You found it on level 2 of the Dungeon)
 M - the +4 chain mail of the Failed Coup {rN+ Regen+ SInv, unknown}
   (You found it on level 5 of the Dungeon)

   It protects you from negative energy.
   It lets you see invisible.
   It increases your rate of regeneration.
 V - a +0 buckler
   (You found it on level 5 of the Dungeon)
Jewellery
 N - a ring of magical power (left front leg)
   (You found it on level 4 of the Dungeon)
Wands
 w - a wand of random effects (8)
   (You took it off Natasha on level 3 of the Dungeon)
 x - a wand of frost (33)
   (You found it on level 3 of the Dungeon)
 G - a wand of random effects (18)
   (You took it off Robin on level 3 of the Dungeon)
Scrolls
 g - a scroll of magic mapping {unknown}
 k - 4 scrolls of identify {unknown}
 o - a scroll of enchant armour
 r - a scroll of remove curse
 s - a scroll of blinking {unknown}
 y - a scroll of enchant weapon {unknown}
 K - a scroll of random uselessness {unknown}
 L - a scroll of fog {unknown}
 O - a scroll of immolation {unknown}
 Q - a scroll of teleportation {unknown}
Potions
 e - a potion of brilliance {unknown}
 f - a potion of agility {unknown}
 h - a potion of lignification
 m - a potion of poison
 n - 2 potions of invisibility {unknown}
 p - 2 potions of degeneration {unknown}
 q - a potion of berserk rage {unknown}
 D - a potion of mutation {unknown}
 H - a potion of resistance
Books
 c - a book of Changes

   Spells                             Type                      Level
   a - Beastly Appendage              Transmutation                1
   b - Sticks to Snakes               Transmutation                2
   c - Spider Form                    Transmutation/Poison         3
   d - Ice Form                       Ice/Transmutation            4
   e - Blade Hands                    Transmutation                5
 J - a book of Fire
   (You found it on level 3 of the Dungeon)

   Spells                             Type                      Level
   a - Ignite Poison                  Fire/Transmutation/Poison    3
   b - Fireball                       Conjuration/Fire             5
   c - Bolt of Fire                   Conjuration/Fire             6
   d - Delayed Fireball               Conjuration/Fire             7
   e - Ring of Flames                 Charms/Fire                  7
Comestibles
 d - 3 bread rations
 j - 3 meat rations
 A - a slice of pizza
 P - 2 fruits
 T - 7 chunks of flesh


   Skills:
 + Level 4.0 Fighting
 + Level 4.1 Dodging
 * Level 7.9 Unarmed Combat
 - Level 2.0 Spellcasting
 - Level 3.1 Transmutations


You had 5 spell levels left.
You knew the following spells:

 Your Spells              Type           Power        Failure   Level  Hunger
e - Beastly Appendage     Trmt           ###...       14%         1    #......
k - Sticks to Snakes      Trmt           ###.......   21%         2    ##.....
p - Spider Form           Trmt/Pois      #.........   45%         3    ###....


Dungeon Overview and Level Annotations

Branches:
Dungeon (8/15)
 Temple: D:4-7         Lair: D:8-11

Shops:
D:6 (

Annotations:
D:8 Erica


Innate Abilities, Weirdness & Mutations

You have an increased reservoir of magic (+10% MP).
Your attributes are resistant to harm.


Message History

The centaur unwields an uncursed shortbow of freezing.
The centaur hits you. The centaur misses you.
You hit the centaur.
The centaur is poisoned.
The centaur is lightly wounded.
The centaur closely misses you.
You bite the centaur!
The centaur is heavily wounded.
The centaur completely misses you.
You hit the centaur but do no damage.
The centaur looks even sicker.
The centaur is heavily wounded.
The centaur misses you.
You hit the centaur.
The centaur is severely wounded.
The centaur hits you.
* * * LOW HITPOINT WARNING * * *
The centaur hits you.
* * * LOW HITPOINT WARNING * * *
You bite the centaur!
You kill the centaur!
Your Fighting skill increases to level 4!
The goblin closely misses you.
You hit the goblin.
You kill the goblin!
Your transformation is almost over.
u - 122 arrows (gained 15)
Things that are here:
an uncursed shortbow of freezing; a centaur corpse
W - an uncursed shortbow of freezing You butcher the centaur corpse.
T - 8 chunks of flesh (gained 6) Eat one of 8 chunks of flesh? (ye/n/q/i?) This raw flesh tastes terrible.
You continue eating. x2
Your transformation has ended.
Your +0 scythe unmelds from your body.
Your +0 helmet unmelds from your body.
Your +1 pair of boots unmelds from your body.
Your +1 robe unmelds from your body.
You now have 262 gold pieces (gained 14).
Things that are here:
a club; a goblin corpse
u - 123 arrows (gained 1)
Your magical contamination has completely faded away.
Found 20 gold pieces.
You now have 282 gold pieces (gained 20).
Found an escape hatch in the floor.
Casting: Spider Form
Confirm with . or Enter, or press ? or * to list all spells.
You turn into a venomous arachnid creature.
Your +0 scythe melds into your body.
Your +0 helmet melds into your body.
Your +1 pair of boots melds into your body.
Your +1 robe melds into your body.
Your transformation is almost over.
The centaur shouts!
The centaur wields a shortbow.
The centaur shoots an arrow.
The arrow completely misses you.
The centaur shoots an arrow.
The arrow hits you!
* * * LOW HITPOINT WARNING * * *
You see here 2 arrows.
The centaur shoots an arrow.
The arrow barely misses you.
Found a great sword.
The centaur shoots an arrow.
The arrow completely misses you.
The centaur shoots an arrow.
The arrow hits you!
* * * LOW HITPOINT WARNING * * *
You see here an arrow.
The centaur shoots an arrow.
The arrow completely misses you.
The centaur shoots an arrow.
The arrow completely misses you.
The centaur shoots an arrow.
The arrow hits you!
* * * LOW HITPOINT WARNING * * *
You see here an arrow.
Your transformation has ended.
Your +0 scythe unmelds from your body.
Your +0 helmet unmelds from your body.
Your +1 pair of boots unmelds from your body.
Your +1 robe unmelds from your body.
The centaur unwields an uncursed shortbow.
The centaur hits you but does no damage.
Casting: Spider Form
Confirm with . or Enter, or press ? or * to list all spells.
You turn into a venomous arachnid creature.
Your +0 scythe melds into your body.
Your +0 helmet melds into your body.
Your +1 pair of boots melds into your body.
Your +1 robe melds into your body.
The centaur completely misses you. The centaur closely misses you.
You hit the centaur.
The centaur is poisoned.
The centaur is lightly wounded.
The centaur hits you.
* * * LOW HITPOINT WARNING * * *
You completely miss the centaur.
The centaur is lightly wounded.
The centaur hits you.
* * * LOW HITPOINT WARNING * * *
You hit the centaur.
The centaur looks even sicker.
The centaur is moderately wounded.
The centaur hits you.
* * * LOW HITPOINT WARNING * * *
The centaur misses you.
Drink which item? (? for menu, Esc to quit)
It was a potion of poison.
That liquid tasted very nasty...
You are lethally poisoned!
You die...

#..'>..................
#.##........#..........
#. #..(..((.#..........
#. #........#......####
#. #........#......#...
#. #...(....#......#...
#. #........#.######...
#. #..(.....#..# ####
#..s....$#..## #
#..c.....#...# #
#......).#.#.# #
##########.#.#######
#..........
#######.######
#............. #######
#.#####..##### #..#..#
##.# #


You could see a centaur.

Vanquished Creatures
  Sigmund (D:2)
  A deep elf mage (D:6)
  A water moccasin (D:6)
  An ogre (D:6)
  2 centaurs
  3 giant frogs (D:6)
  A jelly (D:5)
  2 hounds
  A crimson imp (D:7)
  A giant frog skeleton (D:7)
  2 iguanas
  3 orc wizards
  Jessica (D:3)
  Terence (D:1)
  Natasha (thrice) (D:3)
  An orc priest (D:7)
  4 worker ants
  A hound skeleton (D:5)
  Robin (D:3)
  5 adders
  3 gnolls
  A shadow imp (D:7)
  2 worms
  3 giant geckos
  10 orcs
  A giant cockroach (D:2)
  4 hobgoblins
  14 jackals
  7 kobolds
  3 bats
  A giant gecko skeleton (D:4)
  4 giant newts
  20 goblins
  2 jackal skeletons
  A quokka (D:5)
  4 rats
116 creatures vanquished.

Vanquished Creatures (collateral kills)
  A jelly (D:5)
  An adder (D:3)
  A worm (D:2)
  2 orcs
  A giant cockroach (D:3)
  A ball python (D:3)
7 creatures vanquished.

Grand Total: 123 creatures vanquished

Notes
Turn   | Place    | Note
--------------------------------------------------------------
     0 | D:1      | tidbits the Demigod Transmuter began the quest for the Orb.
     0 | D:1      | Reached XP level 1. HP: 15/15 MP: 5/5
     2 | D:1      | Noticed a spriggan
     4 | D:1      | Noticed a naga
     4 | D:1      | Noticed a tengu
     6 | D:1      | Noticed a demonspawn
     6 | D:1      | Noticed a vampire
     8 | D:1      | Noticed a felid
     8 | D:1      | Noticed a vine stalker
    12 | D:1      | Noticed a formicid
    12 | D:1      | Noticed a minotaur
    14 | D:1      | Noticed a demigod
    16 | D:1      | Noticed an ogre
    18 | D:1      | Noticed an octopode
    18 | D:1      | Noticed a human
    20 | D:1      | Noticed a merfolk
    20 | D:1      | Noticed a gargoyle
    22 | D:1      | Noticed a troll
    22 | D:1      | Noticed a draconian
    24 | D:1      | Noticed an elf
    24 | D:1      | Noticed a ghoul
    26 | D:1      | Noticed a dwarf
    26 | D:1      | Noticed a centaur
    50 | D:1      | Reached skill level 2 in Transmutations
   155 | D:1      | Reached skill level 2 in Spellcasting
   205 | D:2      | Noticed Sigmund
   249 | D:2      | Reached XP level 2. HP: 17/22 MP: 5/7
   268 | D:2      | Reached skill level 3 in Unarmed Combat
   416 | D:2      | Learned a level 2 spell: Sticks to Snakes
   563 | D:2      | Found an opulent altar of Gozag.
   804 | D:3      | Noticed Natasha
   823 | D:3      | Killed Natasha
   823 | D:3      | Reached skill level 3 in Transmutations
   823 | D:3      | Reached XP level 3. HP: 25/27 MP: 1/8
   835 | D:3      | Learned a level 3 spell: Spider Form
   840 | D:3      | Noticed Natasha
   874 | D:4      | Got a bone war axe
  1025 | D:2      | Identified the +6 war axe of Doom {chop, rPois Int-3 Dex+2} (You found it on level 4 of the Dungeon)
  1070 | D:2      | Noticed Terence
  1084 | D:1      | Killed Terence
  1084 | D:1      | Reached XP level 4. HP: 30/34 MP: 0/9
  1149 | D:2      | Killed Sigmund
  1149 | D:2      | Reached skill level 5 in Unarmed Combat
  1149 | D:2      | Reached XP level 5. HP: 39/39 MP: 5/10
  1215 | D:3      | Noticed Jessica
  1226 | D:3      | Killed Jessica
  1226 | D:3      | Reached skill level 1 in Fighting
  1282 | D:3      | Found an ancient bone altar of Kikubaaqudgha.
  1346 | D:3      | Killed Natasha
  1385 | D:3      | Noticed Natasha
  1394 | D:3      | Killed Natasha
  1490 | D:3      | Noticed Robin
  1518 | D:3      | Killed Robin
  1656 | D:5      | Entered Level 5 of the Dungeon
  1659 | D:5      | Got a faintly humming chain mail
  1668 | D:5      | Reached skill level 2 in Dodging
  1668 | D:5      | Reached XP level 6. HP: 23/47 MP: 2/12
  1828 | D:4      | Reached skill level 2 in Fighting
  2134 | D:6      | Reached skill level 6 in Unarmed Combat
  2294 | D:7      | Reached XP level 7. HP: 38/56 MP: 13/13
  2378 | D:8      | Noticed Erica
  2416 | D:7      | HP: 2/56 [centaur/arrow (17)]
  2422 | D:7      | HP: 6/84 [iguana (6)]
  2424 | D:7      | Reached skill level 3 in Dodging
  2542 | D:7      | Reached skill level 3 in Fighting
  2660 | D:6      | Noticed a deep elf mage
  2678 | D:6      | Killed a deep elf mage
  2678 | D:6      | Reached skill level 7 in Unarmed Combat
  2765 | D:6      | Reached XP level 8. HP: 17/64 MP: 14/14
  2880 | D:6      | Reached skill level 4 in Dodging
  2906 | D:6      | Found Taghahun's Weapon Emporium.
  2991 | D:5      | Reached skill level 4 in Fighting
  3074 | D:5      | HP: 1/66 [centaur (6)]
  3075 | D:5      | Succumbed to poison (a potion of poison)

Action                   |  1- 3 |  4- 6 |  7- 9 || total
-------------------------+-------+-------+-------++-------
Melee: Unarmed           |    62 |   110 |    88 ||   260
       Whip              |    63 |       |       ||    63
       Scythe            |       |     9 |     5 ||    14
 Cast: Beastly Appendage |    24 |       |       ||    24
       Sticks to Snakes  |     9 |     9 |    10 ||    28
       Spider Form       |     2 |    21 |    16 ||    39
 Abil: End Transformatio |       |     2 |     1 ||     3
Evoke: Wand              |       |     7 |       ||     7
  Use: Scroll            |     1 |     1 |       ||     2
       Potion            |       |       |     5 ||     5
 Stab: Sleeping          |     1 |       |     1 ||     2
       Distracted        |       |     1 |     2 ||     3
       Confused          |       |     1 |       ||     1
  Eat: Chunk             |     3 |     8 |     6 ||    17
       Bread ration      |     1 |       |       ||     1

Table legend:
 A = Turns spent in this place as a percentage of turns spent in the entire game.
 B = Non-inter-level travel turns spent in this place as a percentage of non-inter-level travel turns spent in the entire game.
 C = Inter-level travel turns spent in this place as a percentage of turns spent in this place.
 D = Turns resting spent in this place as a percentage of non-inter-level travel turns spent in this place.
 E = Turns spent auto-exploring this place as a percentage of non-inter-level travel turns spent in this place.
 F = Non-inter-level travel turns spent in this place divided by the number of levels of this place that you've seen.
                   A       B       C       D       E      F
               +-------+-------+-------+-------+-------+----------------------
         Total | 100.0 | 100.0 |   0.0 |   0.0 |   0.0 | 347.4
       Dungeon | 100.0 | 100.0 |   0.0 |   0.0 |   0.0 | 347.4
               +-------+-------+-------+-------+-------+----------------------

Table legend:
 A = Kills in this place as a percentage of kills in entire the game.
 B = Kills by you in this place as a percentage of kills by you in the entire game.
 C = Kills by friends in this place as a percentage of kills by friends in the entire game.
 D = Other kills in this place as a percentage of other kills in the entire game.
 E = Experience gained in this place as a percentage of experience gained in the entire game.
 F = Experience gained in this place divided by the number of levels of this place that you have seen.
                   A       B       C       D       E      F
               +-------+-------+-------+-------+-------+----------------------
         Total | 100.0 | 100.0 | 100.0 |  -nan | 100.0 | 268.4
       Dungeon | 100.0 | 100.0 | 100.0 |  -nan | 100.0 | 268.4
               +-------+-------+-------+-------+-------+----------------------

Vault maps used:
D:1:      kb_arrival_jail
D:2:      first_bread, serial_glass, glass_columns_a, glass_columns_b,
          minmay_tree_intersection,
          nicolae_gozag_cash_rules_everything_around_me, uniq_sigmund,
          uniq_terence
D:3:      kennysheep_goblin_castle, kiku_gazebo_garden_becter, uniq_jessica,
          uniq_natasha
D:5:      minmay_temple_entry_crystal_x, sigmund_army
D:6:      serial_shops, shop
D:7:      uniq_duvessa
D:8:      grunt_lair_entry_elf_guard_hut, grunt_pizzeria, serial_park_tiny_pond,
          trog_book, uniq_prince_ribbit1, uniq_erica
